 Dungeon Crawl Stone Soup version 0.17-a0-1011-gfa70bdd (webtiles) character file.

1255 halfnothing the Nimble (level 8, 0/39 HPs)
             Began as a Spriggan Chaos Knight on May 13, 2015.
             Succumbed to a killer bee's poison
             ... on level 6 of the Dungeon.
             The game lasted 00:25:46 (6215 turns).

halfnothing the Nimble (Spriggan Chaos Knight)      Turns: 6215, Time: 00:25:46

Health: 0/39       AC: 10    Str:  8    XL:     8   Next: 26%
Magic:  9/9        EV: 24    Int: 16    God:    Xom [*.....]
Gold:   257        SH:  6    Dex: 14    Spells: 0 memorised, 7 levels left

rFire  . . .     SeeInvis +     a - +2 short sword (chaos)
rCold  + . .     Clarity  .     b - +2 robe
rNeg   . . .     SustAb   .     f - +0 buckler
rPois  .         Gourm    .     (helmet restricted)
rElec  +         Spirit   .     k - +1 cloak
rCorr  .         Warding  .     (gloves unavailable)
rMut   .         Stasis   .     (boots unavailable)
MR     +....                    (no amulet)
Stlth  +.........               (no ring)
                                (no ring)

@: lethally poisoned (0 -> -30), very slightly contaminated, hasted, very quick,
somewhat resistant to hostile enchantments, very unstealthy
A: unfitting armour, horns 1, rough black scales 1, see invisible, cold
resistance 1, herbivore 3, speed 3, mutation resistance 1, electricity
resistance, slow metabolism 2, subdued magic 1
a: Renounce Religion


You were on level 6 of the Dungeon.
You worshipped Xom.
You were a special plaything of Xom.
You were full.

You visited 1 branch of the dungeon, and saw 6 of its levels.

You collected 257 gold pieces.

Inventory:

Hand weapons
 a - a +2 short sword of chaos (weapon)
Armour
 b - a +2 robe (worn)
 f - a +0 buckler (worn)
 k - a +1 cloak (worn)
Jewellery
 d - an uncursed ring of wizardry
 l - an uncursed amulet of resist mutation
 t - an uncursed ring of wizardry
Magical devices
 r - a wand of random effects (27)
 s - a wand of frost (12)
 v - a wand of confusion (19)
Scrolls
 e - 2 scrolls of amnesia
 i - 4 scrolls of identify
 j - a scroll of noise {unknown}
 m - a scroll of remove curse
 o - 2 scrolls of magic mapping {unknown}
 q - 2 scrolls of fog
 u - a scroll of immolation {unknown}
Potions
 n - a potion of berserk rage
Comestibles
 c - 6 bread rations


   Skills:
 - Level 2.4 Fighting
 + Level 6.8 Short Blades
 * Level 11.4 Dodging
 + Level 2.0 Shields


You had 7 spell levels left.
You didn't know any spells.

Dungeon Overview and Level Annotations

Branches:
Dungeon (6/15)             Temple (0/1) D:6

Altars:
Ashenzari
Xom

Annotations:
D:6 1 runed door


Innate Abilities, Weirdness & Mutations

You are tiny and cannot use many weapons and most armour.
You have supernaturally acute eyesight.
You are a herbivore.
You cover ground extremely quickly.
You need consume almost no food.
You have a pair of small horns on your head.
You are partially covered in rough black scales (AC +4, Dex -1).
Your flesh is cold resistant.
You are somewhat resistant to further mutation.
You are resistant to electric shocks.
Your spells are a little easier to cast, but a little less powerful.


Message History

Drink which item? (? for menu, Esc to quit)
You feel yourself speed up.
You feel sick. The killer bee barely misses you.
The killer bee completely misses you.
You are very lightly contaminated with residual magic.
Drink which item? (? for menu, Esc to quit)
It was a potion of poison.
That liquid tasted very nasty...
You are lethally poisoned!
* * * LOW HITPOINT WARNING * * *
You feel sick. The killer bee stings you!
* * * LOW HITPOINT WARNING * * *
You are more poisoned.
The killer bee poisons you!
Read which item? (? for menu, Esc to quit)
Blink to where?
Press: ? - help, Dir - move target cursor
As you read the scroll labeled COES VESTAFF, it crumbles to dust.
It was a scroll of blinking.
You die...
Xom guffaws!

...g$.....####...##
#..####............#
#####...##
###.........#
#§ys.....#
###..##....
######s######## #..#
.. ........Y......#
#..# .....)....aa...#
..## ....#######....#
#.. ... #b..ss#s@..#
... $. +b.%.ss....#
.... ... #s...s#....#
....#######....#
...............####..
........S......#.....
#######a########...%.
#......a.............
#.......$............


You could see an ice beast, 2 scorpions, 2 worker ants, a killer bee and 4 giant
cockroaches.

Vanquished Creatures
  The ghost of nubinia the Caller, an average TeSu (D:4)
  2 phantoms (D:5)
  An orc warrior (D:5)
  An ogre (D:4)
  A scorpion (D:4)
  3 hounds
  3 orc priests
  4 iguanas
  4 orc wizards (D:5)
  A worker ant (D:4)
  A worker ant zombie (D:5)
  Robin (D:3)
  8 gnolls
  7 adders
  An ooze (D:4)
  An adder skeleton (D:4)
  3 worms
  5 giant geckos
  14 orcs
  4 giant cockroaches
  16 goblins
  13 hobgoblins
  12 jackals
  2 quokkas (D:3)
  2 ball pythons
  8 bats
  2 giant newts
  5 kobolds
  10 rats
136 creatures vanquished.

Vanquished Creatures (collateral kills)
  A hound skeleton (D:4)
  2 gnolls (D:6)
  An orc (D:5)
4 creatures vanquished.

Vanquished Creatures (others)
  A dancing weapon (D:6)
1 creature vanquished.

Grand Total: 141 creatures vanquished

Notes
Turn   | Place    | Note
--------------------------------------------------------------
     0 | D:1      | halfnothing the Spriggan Chaos Knight began the quest for the Orb.
     0 | D:1      | Reached XP level 1. HP: 11/11 MP: 2/2
   120 | D:1      | Reached skill level 4 in Dodging
   277 | D:1      | XOM: harmless Summ miscast
   420 | D:1      | Reached XP level 2. HP: 16/16 MP: 3/3
   768 | D:1      | XOM: 2-stop teleportation journey
  1066 | D:2      | Found a shattered altar of Ashenzari.
  1082 | D:2      | Reached skill level 5 in Dodging
  1090 | D:2      | XOM: harmless Summ miscast
  1136 | D:2      | XOM: silly message
  1201 | D:2      | Reached XP level 3. HP: 10/19 MP: 4/4
  1694 | D:3      | XOM: mild Pois miscast
  1698 | D:3      | Noticed Robin
  1923 | D:3      | XOM: give mutations
  1923 | D:3      | Gained mutation: You have a pair of small horns on your head. [Xom's grace]
  1923 | D:3      | Gained mutation: You evolve. [Xom's grace]
  2086 | D:2      | XOM: 3-stop teleportation journey
  2123 | D:3      | XOM: polymorph goblin -> quokka
  2139 | D:3      | Killed Robin
  2139 | D:3      | Reached skill level 6 in Dodging
  2139 | D:3      | Reached XP level 4. HP: 23/23 MP: 5/5
  2283 | D:3      | XOM: noise
  2291 | D:3      | XOM: silly message
  2339 | D:3      | XOM: enchant monster (bad)
  2520 | D:3      | Reached XP level 5. HP: 11/27 MP: 6/6
  2542 | D:3      | XOM: cast spell 'Spider Form'
  2597 | D:3      | Reached skill level 7 in Dodging
  2640 | D:3      | XOM: scenery: create altars
  2793 | D:3      | Gained mutation: Your flesh is cold resistant. [potion of beneficial mutation]
  3130 | D:4      | Noticed nubinia's ghost (average TeSu)
  3165 | D:4      | Killed nubinia's ghost
  3165 | D:4      | Reached skill level 8 in Dodging
  3165 | D:4      | Reached XP level 6. HP: 13/32 MP: 7/7
  3236 | D:4      | XOM: give mutations
  3236 | D:4      | Lost mutation: You evolve. [Xom's grace]
  3236 | D:4      | Gained mutation: You are somewhat resistant to further mutation. [Xom's grace]
  3236 | D:4      | Gained mutation: You are partially covered in rough black scales (AC +4, Dex -1). [Xom's grace]
  3236 | D:4      | Gained mutation: You are resistant to electric shocks. [Xom's grace]
  3292 | D:4      | Reached skill level 5 in Short Blades
  3450 | D:4      | XOM: 1-stop teleportation journey
  3471 | D:4      | XOM: summons friendly crimson imp
  3717 | D:4      | Noticed an ogre
  3719 | D:4      | XOM: divination: detect creatures
  3747 | D:4      | XOM: cast spell 'Ring of Flames'
  3748 | D:5      | Entered Level 5 of the Dungeon
  3788 | D:4      | XOM: confuse monster(s)
  4082 | D:4      | XOM: butterfly on damage
  4082 | D:4      | XOM: smoke on damage
  4083 | D:4      | Killed an ogre
  4083 | D:4      | Reached skill level 9 in Dodging
  4088 | D:4      | Reached XP level 7. HP: 19/35 MP: 8/8
  4495 | D:4      | Gained mutation: Your spells are a little easier to cast, but a little less powerful. [potion of mutation]
  4683 | D:4      | XOM: harmless Ice miscast
  4684 | D:4      | XOM: harmless Pois miscast
  5131 | D:4      | XOM: noise
  5185 | D:5      | XOM: divination: detect creatures
  5276 | D:5      | XOM: mild Necr miscast
  5277 | D:5      | XOM: 10-stop teleportation journey
  5282 | D:5      | Reached skill level 10 in Dodging
  5344 | D:5      | XOM: torment (15/35 hp)
  5595 | D:5      | XOM: stat loss: -1 Str (7/8)
  5618 | D:5      | XOM: snakes to sticks
  5641 | D:5      | XOM: silly message
  5645 | D:5      | Reached skill level 1 in Shields
  5841 | D:5      | XOM: noise
  5945 | D:5      | XOM: harmless Air miscast
  5980 | D:5      | XOM: blink monster(s)
  5994 | D:5      | XOM: confuse monster(s)
  6009 | D:5      | Reached XP level 8. HP: 28/39 MP: 9/9
  6055 | D:5      | XOM: cast spell 'Death Channel'
  6070 | D:5      | XOM: blink monster(s)
  6072 | D:5      | XOM: noise
  6087 | D:5      | Reached skill level 11 in Dodging
  6093 | D:5      | XOM: mild Summ miscast
  6168 | D:6      | XOM: confusion
  6173 | D:6      | XOM: 3-stop teleportation journey
  6175 | D:6      | Found a staircase to the Ecumenical Temple.
  6185 | D:6      | XOM: enchant monster (bad)
  6196 | D:6      | Found a runed door.
  6199 | D:6      | Found a runed door.
  6215 | D:6      | Succumbed to a killer bee's poison

Vault maps used:
D:1:      dpeg_arrival_water_temple_mockup
D:2:      evilmike_ruin_ashenzari
D:3:      uniq_robin
D:4:      minmay_ruptured
D:5:      first_bread
D:6:      lemuel_insect_pit, temple_fountains, minmay_misc_feat_four_crosses,
          minivault_14

Action                   |  1- 3 |  4- 6 |  7- 9 || total
-------------------------+-------+-------+-------++-------
Melee: Short sword       |   131 |   246 |   239 ||   616
       Unarmed           |       |     4 |       ||     4
  Use: Scroll            |     2 |       |     7 ||     9
       Potion            |       |     6 |     6 ||    12
 Stab: Confused          |     1 |       |       ||     1
       Paralysed         |     1 |       |     5 ||     6
       Sleeping          |     1 |       |       ||     1
       Petrifying        |       |       |     1 ||     1
       Petrified         |       |       |     1 ||     1
  Eat: Fruit             |       |     2 |     1 ||     3
       Bread ration      |       |       |     1 ||     1
